 Dungeon Crawl Stone Soup version 0.16.0-16-g311141a (console) character file.

49 gw the Chiller (level 3, -4/23 HPs)
             Began as a High Elf Ice Elementalist on Mar 19, 2015.
             Killed from afar by Sigmund (5 damage)
             ... with a wand of flame
             ... on level 2 of the Dungeon.
             The game lasted 00:02:13 (2373 turns).

gw the Chiller (High Elf Ice Elementalist)          Turns: 2373, Time: 00:02:13

Health: -4/23      AC:  6    Str:  7    XL:     3   Next: 51%
Magic:  7/10       EV: 13    Int: 19    God:
Gold:   68         SH:  0    Dex: 16    Spells: 3 memorised, 2 levels left

rFire  . . .     SeeInvis .     a - +0 short sword
rCold  . . .     Clarity  .     e - +0 robe
rNeg   . . .     SustAb   .     (no shield)
rPois  .         Gourm    .     h - +0 helmet
rElec  .         Spirit   .     (no cloak)
rCorr  .         Warding  .     (no gloves)
rMut   .         Stasis   .     m - +2 pair of boots
MR     .....                    (no amulet)
Stlth  ++........               (no ring)
                                (no ring)

@: not resistant to hostile enchantments, unstealthy
A: no striking features
a: no special abilities


You were on level 2 of the Dungeon.
You were not hungry.

You visited 1 branch of the dungeon, and saw 2 of its levels.

You collected 68 gold pieces.

Inventory:

Hand weapons
 a - a +0 short sword (weapon)
Missiles
 i - 37 arrows
Armour
 e - a +0 robe (worn)
 h - a +0 helmet (worn)
 m - a +2 pair of boots (worn)
Magical devices
 g - a wand of random effects (7)
Scrolls
 f - a scroll of identify
 l - a scroll of amnesia {unknown}
 n - a scroll of fear {unknown}
Potions
 k - a potion of curing {unknown}
Books
 b - a book of Frost

   Spells                             Type                      Level
   a - Freeze                         Ice                          1
   b - Throw Frost                    Conjuration/Ice              2
   c - Ozocubu's Armour               Charms/Ice                   3
   d - Throw Icicle                   Conjuration/Ice              4
   e - Summon Ice Beast               Ice/Summoning                4
   f - Condensation Shield            Ice                          4
Comestibles
 d - a meat ration
 j - a royal jelly


   Skills:
 + Level 1.5 Fighting
 + Level 2.8 Dodging
 - Level 2.1 Stealth
 * Level 3.2 Spellcasting
 - Level 1.1 Conjurations
 + Level 3.3 Ice Magic


You had 2 spell levels left.
You knew the following spells:

 Your Spells              Type           Power        Failure   Level  Hunger
a - Freeze                Ice            ###.         4%          1    None
b - Throw Frost           Conj/Ice       ##....       10%         2    ##.....
c - Ozocubu's Armour      Chrm/Ice       #.......     28%         3    ###....


Dungeon Overview and Level Annotations

Branches:
Dungeon (2/15)

Altars:
Sif Muna

Annotations:
D:2 Sigmund


Message History

Unknown command.
Unknown command.
Unknown command.
ATTACKING (-1,0)
You swing at nothing.
Unknown command.
Unknown command.
Unknown command.
Unknown command.
ATTACKING (1,0)
You swing at nothing.
The magic dart hits you!
Unknown command.
Unknown command.
Unknown command.
Unknown command.
ATTACKING (-1,0)
You swing at nothing.
You hear a zap.
The puff of flame hits you!
You die...

#########################
............e...........>
######.....######.######.
#######.....# .#
............# .#
#######.....## .#
##############..## .#
.................# ..
.................# ..
...........(.....# .


There were no monsters in sight!

Table legend:
 A = Turns spent in this place as a percentage of turns spent in the entire game.
 B = Non-inter-level travel turns spent in this place as a percentage of non-inter-level travel turns spent in the entire game.
 C = Inter-level travel turns spent in this place as a percentage of turns spent in this place.
 D = Turns resting spent in this place as a percentage of non-inter-level travel turns spent in this place.
 E = Turns spent auto-exploring this place as a percentage of non-inter-level travel turns spent in this place.
 F = Non-inter-level travel turns spent in this place divided by the number of levels of this place that you've seen.
                   A       B       C       D       E      F
               +-------+-------+-------+-------+-------+----------------------
         Total | 100.0 | 100.0 |   0.4 |   3.1 |   2.3 | 1384.0
       Dungeon | 100.0 | 100.0 |   0.4 |   3.1 |   2.3 | 1384.0
               +-------+-------+-------+-------+-------+----------------------

Table legend:
 A = Kills in this place as a percentage of kills in entire the game.
 B = Kills by you in this place as a percentage of kills by you in the entire game.
 C = Kills by friends in this place as a percentage of kills by friends in the entire game.
 D = Other kills in this place as a percentage of other kills in the entire game.
 E = Experience gained in this place as a percentage of experience gained in the entire game.
 F = Experience gained in this place divided by the number of levels of this place that you have seen.
                   A       B       C       D       E      F
               +-------+-------+-------+-------+-------+----------------------
         Total | 100.0 | 100.0 |  -nan |  -nan | 100.0 |  35.0
       Dungeon | 100.0 | 100.0 |  -nan |  -nan | 100.0 |  35.0
               +-------+-------+-------+-------+-------+----------------------

Vanquished Creatures
  A worm (D:2)
  3 giant geckos (D:1)
  3 giant cockroaches (D:1)
  3 goblins
  5 hobgoblins (D:1)
  3 jackals (D:1)
  7 kobolds (D:1)
  4 bats
  4 giant newts
  3 rats (D:1)
36 creatures vanquished.

Notes
Turn   | Place    | Note
--------------------------------------------------------------
     0 | D:1      | gw, the High Elf Ice Elementalist, began the quest for the Orb.
     0 | D:1      | Reached XP level 1. HP: 11/11 MP: 4/4
   238 | D:1      | Reached XP level 2. HP: 18/18 MP: 4/6
   312 | D:1      | Learned a level 2 spell: Throw Frost
   503 | D:1      | Reached skill level 1 in Fighting
  1452 | D:1      | Reached XP level 3. HP: 23/23 MP: 6/9
  1574 | D:1      | Learned a level 3 spell: Ozocubu's Armour
  2260 | D:2      | Found a deep blue altar of Sif Muna.
  2284 | D:2      | Noticed Sigmund
  2372 | D:2      | HP: 1/23 [something/magic dart (5)]
  2373 | D:2      | Killed from afar by Sigmund

Action                   || total
-------------------------++-------
Melee: Short sword       ||    10
 Cast: Freeze            ||    24
       Throw Frost       ||    35
       Ozocubu's Armour  ||     2
Evoke: Wand              ||     5
  Use: Scroll            ||     3
  Eat: Chunk             ||     4
       Bread ration      ||     1

Vault maps used:
D:1:      dpeg_arrival_lava_temple_mockup
D:2:      lemuel_blue_sif_altar, overflow_temple_1_default,
          lemuel_coloured_pillars_altar, nicolae_ru_the_path_less_chosen,
          uniq_sigmund
